 Dungeon Crawl Stone Soup version 0.25-b1-23-ge2ad7d536c (webtiles) character file.

Game seed: 3695477477066433467, levelgen mode: deterministic

5 Gazerockf the Grasshopper (level 1, 0/9 HPs)
             Began as a Felid Warper on May 29, 2020.
             Succumbed to a kobold's poison
             ... on level 3 of the Dungeon.
             The game lasted 00:01:26 (573 turns).

Gazerockf the Grasshopper (Felid Warper)             Turns: 573, Time: 00:01:27

Health: 0/9        AC:  1    Str:  7    XL:     1   Next: 66%
Magic:  4/4        EV: 18    Int: 14    God:
Gold:   32         SH:  0    Dex: 15    Spells: 4/4 levels left
                                        Lives:  0   Deaths: 0

rFire    . . .     SeeInvis +     - Unarmed
rCold    . . .     Gourm    .   (shield unavailable)
rNeg     . . .     Faith    .   (armour unavailable)
rPois    .         Spirit   .   (helmet unavailable)
rElec    .         Reflect  .   (cloak unavailable)
rCorr    .         Harm     .   (gloves unavailable)
MR       .....                  (boots unavailable)
Stlth    ++........             (no amulet)
HPRegen  0.03/turn              (no ring)
MPRegen  0.09/turn              (no ring)

@: lethally poisoned (0 -> -13), quick
A: very small, no armour, no weapons or thrown items, stealth, claws 1, fangs 3,
see invisible, carnivore, speed 1, shaggy fur 1, slow metabolism 1, sharp paws
a: no special abilities


You were on level 3 of the Dungeon.
You were not hungry.

You visited 1 branch of the dungeon, and saw 3 of its levels.

You collected 32 gold pieces.

Inventory:

Jewellery
 e - a +6 ring of intelligence {unknown}
Scrolls
 a - a scroll of immolation {unknown}
 b - a scroll of blinking
 d - a scroll of enchant weapon {unknown}
Potions
 f - a potion of might {unknown}
Comestibles
 c - 2 rations


   Skills:
 - Level 2.0 Fighting
 + Level 3.4 Dodging
 * Level 1.5 Stealth
 - Level 2.0 Unarmed Combat
 - Level 2.0 Spellcasting
   Level 4.4 Translocations


You had 4 spell levels left.
You didn't know any spells.
Your spell library contained the following spells:

 Spells                   Type           Power        Failure   Level  Hunger
 Blink                    Tloc           N/A          6%          2    ###....
 Gell's Gravitas          Tloc           ##........   12%         3    ####...
 Lesser Beckoning         Tloc           ##........   12%         3    ####...
 Teleport Other           Tloc           ##......     12%         3    ####...
 Shroud of Golubria       Chrm/Tloc      #.....       14%         2    ###....
 Passage of Golubria      Tloc           N/A          36%         4    #####..


Dungeon Overview and Level Annotations

Branches:
Dungeon (2/15)

Altars:


Innate Abilities, Weirdness & Mutations

You cannot wear armour.
You are incapable of wielding weapons or throwing items.
Your paws allow you to move quietly. (Stealth)
You have sharp claws.
You have razor-sharp teeth.
You have supernaturally acute eyesight. (SInv)
You are carnivorous and can eat meat at any time.
You cover ground quickly.
You are covered in fur. (AC +1)
You have a slow metabolism.
Your sharp claws are effective at attacking unaware monsters.


Message History

A giant cockroach comes into view.
The bat closely misses you.
The orc throws a boomerang.
The boomerang misses you.
The weapon returns to the orc!
The bat closely misses you.
The orc throws a boomerang.
The boomerang closely misses you.
The weapon returns to the orc!
The kobold throws a poisoned dart.
The poisoned dart hits you!
You are lethally poisoned!
The orc throws a boomerang.
The boomerang closely misses you.
The weapon returns to the orc!
You see here a poisoned dart.
You feel sick. The bat closely misses you.
* * * LOW HITPOINT WARNING * * *
You feel sick. The bat misses you. The bat misses you.
The orc throws a boomerang.
The boomerang closely misses you.
The weapon returns to the orc!
* * * LOW HITPOINT WARNING * * *
You feel sick. The bat misses you. The bat closely misses you.
You die...

#.#..........####
##.....(.........#
###.....s....[.....#
#####...................
.......#.....Kr.......#
##..#$.....o........# ..
. #. #........g......#
... ... #.#..(..b......##
... #..# #.......@.....##
#.#
###...###..#####.######
#.# ...<......#### #.#
#.# #...##(......###.##
######.## .
###(.........####....?..#
##.###.##.........$...#
#.# #.##.####........#
..# #.##.# ##.......#
#.## #....# #.......#


You could see an orc, a giant cockroach, a goblin, a bat, a kobold and a rat.

Vanquished Creatures
  2 giant cockroaches (D:1)
  A goblin (D:1)
  A bat (D:1)
  A kobold (D:1)
5 creatures vanquished.

Notes
Turn   | Place    | Note
-------+----------+-------------------------------------------
     0 | D:1      | Gazerockf the Felid Warper began the quest for the Orb.
     0 | D:1      | Reached XP level 1. HP: 9/9 MP: 4/4
   203 | D:1      | Reached skill level 1 in Stealth
   531 | D:2      | You fall into a shaft and drop 1 floor!
   573 | D:3      | Succumbed to a kobold's poison

Illustrated notes

Levels and vault maps discovered:
D:1:      denvon_arrival_planthouse, layout_loops_ring
D:2:      layout_loops_corners
D:3:      layout_rooms

Skill      XL: |  1 |
---------------+----+-----
Stealth        | 1 |  1.5
Fighting       | |  2.0
Dodging        | |  3.4
Unarmed Combat | |  2.0
Spellcasting   | |  2.0
Translocations | |  4.4

Action                   || total
-------------------------++-------
Melee: Unarmed           ||    24
       Bite              ||     3
  Eat: Chunk             ||     2
Armor: Skin              ||     5
Dodge: Dodged            ||    97
